 Dungeon Crawl Stone Soup version 0.22.1-2-g9c5b331 (webtiles) character file.

40 stoner123 the Bolt Thrower (level 3, -1/28 HPs)
             Began as a Centaur Arcane Marksman on Nov 25, 2018.
             Slain by an adder (4 damage)
             ... on level 1 of the Dungeon.
             The game lasted 00:19:19 (1450 turns).

stoner123 the Bolt Thrower (CeAM)                   Turns: 1450, Time: 00:19:20

Health: -1/28      AC:  5    Str: 12    XL:     3   Next: 30%
Magic:  4/4        EV:  8    Int: 12    God:
Gold:   48         SH:  0    Dex: 10    Spells: 3/4 levels left

rFire    . . .     SeeInvis .   a - +0 hand crossbow
rCold    . . .     Gourm    .   (no shield)
rNeg     . . .     Faith    .   k - +0 ring mail
rPois    .         Spirit   .   (no helmet)
rElec    .         Reflect  .   (no cloak)
rCorr    .         Harm     .   (no gloves)
MR       .....                  (no barding)
Stlth    ..........             (no amulet)
HPRegen  0.09/turn              (no ring)
MPRegen  0.09/turn              (no ring)

@: very quick
A: large, hooves 3, deformed body, speed 2, tough skin 3
a: no special abilities


You were on level 1 of the Dungeon.
You were very full.

You visited 1 branch of the dungeon, and saw 2 of its levels.

You collected 48 gold pieces.

Inventory:

Hand Weapons
 a - a +0 hand crossbow (weapon)
 b - a +0 club
 h - a +0 whip
 i - a +0 dagger
 j - a +0 hunting sling
Missiles
 c - 20 sling bullets
 d - 5 bolts (quivered)
Armour
 e - a +0 robe
 f - a +0 chain mail
 g - a +0 ring mail
 k - a +0 ring mail (worn)


   Skills:
 + Level 1.4 Fighting
 + Level 3.4 Crossbows
 + Level 1.5 Dodging
 + Level 1.0 Spellcasting
 + Level 2.9 Hexes


You had 3 spell levels left.
You knew the following spells:

 Your Spells              Type           Power        Failure   Level  Hunger
a - Corona                Hex            #......      21%         1    ##.....

Your spell library contained the following spells:

 Spells                   Type           Power        Failure   Level  Hunger
 Slow                     Hex            #.......     30%         2    ###....
 Inner Flame              Hex/Fire       #.......     75%         3    ####...
 Portal Projectile        Hex/Tloc       #.....       75%         3    ####...
 Cause Fear               Hex            #.........   90%         4    #####..
 Leda's Liquefaction      Hex/Erth       #.........   98%         4    #####..


Dungeon Overview and Level Annotations

Branches:
Dungeon (2/15)

Altars:


Innate Abilities, Weirdness & Mutations

You have hooves in place of feet.
Armour fits poorly on your strangely shaped body.
You cover ground very quickly.
You have extremely tough skin. (AC +3)


Message History

The adder bites you.
* * * LOW HITPOINT WARNING * * *
The rat bites you.
* * * LOW HITPOINT WARNING * * *
The adder bites you but does no damage. The bat hits you but does no damage.
The rat barely misses you. The adder barely misses you.
You climb upwards.
There is a stone staircase leading down here.
You clumsily bash the adder but do no damage.
The adder is lightly wounded.
The adder closely misses you. The rat bites you.
* * * LOW HITPOINT WARNING * * *
The adder bites you.
* * * LOW HITPOINT WARNING * * *
Firing (i - inventory)
d - 6 bolts (quivered)
Press: ? - help, Shift-Dir - straight line, f - adder
Aim: an adder (lightly wounded)
You shoot a bolt. The bolt closely misses the adder.
The rat closely misses you. The adder bites you.
You die...

######## #......# #
#......#
####......########
†(('.....(.....S@#
####...........#r###
# #...........#...#
# #####.......#.###
### #.......#.# ..#
#.......#.# ..#
#.......#.# ..#
#.......'.# ..#
###.......#.####


You could see an adder and a rat.

Vanquished Creatures
  An ooze (D:1)
  A dart slug (D:1)
  A leopard gecko (D:1)
  A giant cockroach (D:2)
  2 goblins
  4 hobgoblins (D:1)
  7 jackals (D:1)
  2 bats (D:1)
  2 frilled lizards (D:2)
  4 kobolds
  4 rats (D:1)
29 creatures vanquished.

Notes
Turn   | Place    | Note
-------+----------+-------------------------------------------
     0 | D:1      | stoner123 the Centaur Arcane Marksman began the quest for
                  | the Orb.
     0 | D:1      | Reached XP level 1. HP: 16/16 MP: 2/2
   371 | D:1      | Reached XP level 2. HP: 12/23 MP: 3/3
   791 | D:1      | Reached skill level 3 in Crossbows
  1008 | D:1      | Reached XP level 3. HP: 28/28 MP: 4/4
  1450 | D:1      | Slain by an adder

Skill      XL: |  1  2 |
---------------+-------+-----
Crossbows      | 3 |  3.4
Fighting       | |  1.4
Dodging        | |  1.5
Spellcasting   | |  1.0
Hexes          | |  2.9

Action                   || total
-------------------------++-------
Melee: Hand crossbow     ||     9
       Kick              ||     4
 Fire: Hand crossbow     ||    88
  Use: Potion            ||     1
       Scroll            ||     1
  Eat: Ration            ||     3
Armor: Robe              ||    12
       Ring mail         ||    46
Dodge: Dodged            ||    52
